 Dungeon Crawl Stone Soup version 0.27-a0-1137-g3ef0f4ec91 (webtiles) character file.

Game seed: 3431981270470798973

644 Anon1729 the Skirmisher (level 7, -1/126 HPs)
             Began as a Demonspawn Berserker on May 6, 2021.
             Was a Believer of Trog.
             Killed from afar by Dowan (10 damage)
             ... with a puff of flame
             ... on level 4 of the Dungeon.
             The game lasted 00:03:56 (4469 turns).

Anon1729 the Skirmisher (Demonspawn Berserker)      Turns: 4469, Time: 00:03:57

Health: -1/126     AC: 19    Str: 19    XL:     7   Next: 26%
Magic:  7/7        EV:  2    Int:  9    God:    Trog [**....]
Gold:   106        SH:  0    Dex: 12    Spells: 6/6 levels left

rFire    . . .     SeeInvis .   a - +0 hand axe
rCold    . . .     Faith    .   (no shield)
rNeg     + + +     Spirit   .   (armour currently unavailable)
rPois    +         Reflect  .   (helmet currently unavailable)
rElec    .         Harm     .   (cloak currently unavailable)
rCorr    .         Rampage  .   (gloves currently unavailable)
Will     ++...     NoTele   +   (boots currently unavailable)
Stlth    ..........             (no amulet)
HPRegen  1.31/turn              (no ring)
MPRegen  0.10/turn              (no ring)

@: berserking (expiring), tree-form, strong-willed (expiring), corroded,
regenerating (expiring), very quick
A: stationary, stasis, torment immunity, boosted hp, (hooves 1), (molten scales
3), demonic magic 1
a: Renounce Religion, Berserk, Trog's Hand


You were on level 4 of the Dungeon.
You worshipped Trog.
Trog was pleased with you.
You were a tree.
You visited 1 branch of the dungeon, and saw 4 of its levels.

You collected 106 gold pieces.

Inventory:

Hand Weapons
 a - a +0 hand axe (weapon)
Missiles
 k - a throwing net
Armour
 b - a +0 animal skin (melded)
 i - a +0 cloak (melded)
Jewellery
 h - a ring of flight
Wands
 j - a wand of iceblast (7)
 m - a wand of paralysis (21)
Scrolls
 f - 5 scrolls of identify {unknown}
 g - a scroll of teleportation {unknown}
 n - a scroll of fog {unknown}
 q - a scroll of summoning {unknown}
Potions
 d - a potion of brilliance
 p - a potion of might {unknown}


   Skills:
 + Level 5.0 Fighting
 + Level 4.4 Axes
 + Level 3.9 Armour
 + Level 3.9 Dodging


You had 6 spell levels left.
You didn't know any spells.
Your spell library was empty.

Dungeon Overview and Level Annotations

Branches:
Dungeon (4/15)
 Temple: D:4-7

Altars:
Ashenzari
Elyvilon
Nemelex Xobeh

Shops:
D:3 :

Annotations:
D:3 3 runed translucent doors, 1player's ghost, amateur PaFi; Amnesys101's ghost, weakling MiGl; Cralpanu's ghost, amateur FoFi; kae's ghost, amateur HOFi
D:4 Dowan; Grinder


Innate Abilities, Weirdness & Mutations

You are a tree.
Your roots penetrate the ground, keeping you stationary.
You cannot be teleported.
You are immune to unholy pain and torment.
Your maximum health is greatly increased.
Your equipment is partially melded.
((You have large cloven feet.))
((You are completely covered in molten scales. (AC +4, rF+)))
Spells you cast may paralyse adjacent enemies.


Message History

You hit Grinder.
The acid dragon bites you but does no damage.
The acid dragon claws you but does no damage.
Grinder hits you but does no damage.
You barely miss the acid dragon.
The acid dragon is moderately wounded.
You hit Grinder. Grinder hits you but does no damage.
The acid dragon bites you.
* * * LOW HITPOINT WARNING * * *
The acid dragon claws you but does no damage.
You slash the acid dragon!
The acid dragon is severely wounded.
You closely miss Grinder. You slash the acid dragon!
You kill the acid dragon!
Trog accepts your kill.
The acid dragon scales are intact enough to wear.
You closely miss Grinder. Grinder hits you but does no damage.
Your Fighting skill increases to level 5!
Unknown command.
Unknown command.
You hit Grinder.
Grinder is heavily wounded.
Grinder hits you but does no damage.
You closely miss Grinder.
Grinder is heavily wounded.
You hit Dowan.
You feel the effects of Trog's Hand fading.
Dowan barely misses you.
You closely miss Grinder.
Grinder is heavily wounded.
You barely miss Dowan. Grinder hits you but does no damage.
You hit Grinder but do no damage.
Grinder is heavily wounded.
You closely miss Dowan. Dowan hits you but does no damage.
Grinder hits you but does no damage.
You hit Grinder.
Grinder is heavily wounded.
You hit Dowan.
Dowan zaps a wand.
The puff of flame hits you!
You die...

#.# #.# #)#
####.##
#.....#
#.....# ####
#.....# .....
#.....##......
#....♣e'......
#...5.##......
#.....# .....
#.....# ...$
#.....# ...
#.....# ..
#.....# #
#######


You could see Grinder and Dowan.

Vanquished Creatures
  Sigmund (D:2)
  An acid dragon (D:4)
  A necrophage (D:4)
  A howler monkey (D:3)
  A hound (D:2)
  A centaur skeleton (D:3)
  Crazy Yiuf (D:2)
  An orc wizard (D:4)
  Ijyb (D:3)
  3 adders
  An adder skeleton (D:4)
  2 worms
  3 dart slugs
  4 orcs
  2 endoplasms
  A giant cockroach (D:3)
  4 goblins
  5 hobgoblins
  5 jackals
  5 kobolds
  6 quokkas
  8 ball pythons
  2 bats
  3 frilled lizards
  5 rats
  2 bushes (D:1)
70 creatures vanquished.

Vanquished Creatures (others)
  16 plants
  2 withered plants (D:3)
18 creatures vanquished.

Grand Total: 88 creatures vanquished

Notes
Turn   | Place    | Note
-------+----------+-------------------------------------------
     0 | D:1      | Anon1729 the Demonspawn Berserker began the quest for the
                  | Orb.
     0 | D:1      | Reached XP level 1. HP: 18/18 MP: 1/1
   559 | D:1      | Gained mutation: You are partially covered in molten
                  | scales. (AC +2) [demonic ancestry]
   559 | D:1      | Reached XP level 2. HP: 21/24 MP: 2/2
  1827 | D:2      | Gained mutation: You have large cloven feet. [demonic
                  | ancestry]
  1827 | D:2      | Reached XP level 3. HP: 21/29 MP: 3/3
  2053 | D:2      | Noticed Sigmund
  2062 | D:2      | Killed Sigmund
  2063 | D:2      | Reached skill level 4 in Fighting
  2063 | D:2      | Gained mutation: You are mostly covered in molten scales.
                  | (AC +3) [demonic ancestry]
  2063 | D:2      | Reached XP level 4. HP: 37/37 MP: 4/4
  2063 | D:2      | Reached XP level 5. HP: 42/42 MP: 5/5
  2394 | D:2      | Found a faded altar of an unknown god.
  2528 | D:2      | Reached ** piety under Trog
  2859 | D:2      | Found a runed translucent door.
  2860 | D:2      | Noticed Crazy Yiuf
  3145 | D:2      | Killed Crazy Yiuf
  3146 | D:2      | Gained mutation: Spells you cast may paralyse adjacent
                  | enemies. [demonic ancestry]
  3146 | D:2      | Reached XP level 6. HP: 48/48 MP: 6/6
  3238 | D:3      | Found Necvij's Book Shop.
  3423 | D:3      | Found a sparkling altar of Nemelex Xobeh.
  3428 | D:3      | Noticed Cralpanu's ghost (amateur FoFi)
  3428 | D:3      | Noticed Amnesys101's ghost (weakling MiGl)
  3429 | D:3      | Noticed kae's ghost (amateur HOFi)
  3429 | D:3      | Noticed 1player's ghost (amateur PaFi)
  3435 | D:3      | Found a runed translucent gate.
  3441 | D:3      | Found a runed translucent gate.
  3442 | D:3      | Found a runed translucent gate.
  3501 | D:3      | Noticed Ijyb
  3505 | D:3      | Paralysed by Ijyb for 5 turns
  3514 | D:3      | Killed Ijyb
  3634 | D:3      | Found a broken altar of Ashenzari.
  4192 | D:4      | Gained mutation: You are completely covered in molten
                  | scales. (AC +4, rF+) [demonic ancestry]
  4192 | D:4      | Reached XP level 7. HP: 47/55 MP: 7/7
  4400 | D:4      | Reached *** piety under Trog
  4449 | D:4      | Noticed Grinder
  4457 | D:4      | Noticed Dowan
  4457 | D:4      | HP: 6/123 [acid dragon (5)]
  4458 | D:4      | HP: 1/123 [acid dragon (5)]
  4465 | D:4      | Reached skill level 5 in Fighting
  4469 | D:4      | Killed from afar by Dowan

Illustrated notes

Levels and vault maps discovered:
D:1:      saegor_arrival_miasma, layout_loops_ring, serial_forest,
          infiniplex_forest_clump_long, infiniplex_forest_clump_large,
          infiniplex_forest_fountain, infiniplex_forest_clump_long,
          infiniplex_forest_lined_ring, infiniplex_forest_clump_cross,
          infiniplex_forest_lined_corner, infiniplex_forest_end_3,
          infiniplex_forest_clump_C, infiniplex_forest_end_1
D:2:      layout_loops_ring, chequers_ecumenical_altar_island, serial_forest,
          infiniplex_forest_lined_3, infiniplex_forest_end_double,
          infiniplex_forest_clump_diagonal, infiniplex_forest_lined_1,
          infiniplex_forest_split, minmay_pentomino_r2, uniq_sigmund,
          uniq_crazy_yiuf_cottage
D:3:      layout_basic, lemuel_crystal_altar, general_overflow_altar,
          lemuel_crystal_altar, gammafunk_ghost_cemetery, serial_shops, shop,
          serial_bayou_ford_a, uniq_ijyb
D:4:      layout_basic, nrook_campfire, serial_bayou_pond_a, uniq_grinder,
          uniq_duvessa

Skill      XL: |  1  2  3  4  5  6  7 |
---------------+----------------------+-----
Armour         | 2 3 |  3.9
Dodging        | 2 3 |  3.9
Axes           | 3 4 |  4.4
Fighting       | 4 5 |  5.0

Action                   |  1- 3 |  4- 6 |  7- 9 || total
-------------------------+-------+-------+-------++-------
Melee: Hand axe          |   324 |   116 |    29 ||   469
       Kick              |     6 |    32 |     2 ||    40
Invok: Berserk           |     2 |     2 |     1 ||     5
       Trog's Hand       |       |       |     1 ||     1
  Use: Potion            |       |       |     5 ||     5
 Stab: Sleeping          |     1 |       |       ||     1
Armor: Animal skin       |    24 |    60 |     4 ||    88
       Skin              |       |       |    17 ||    17
Dodge: Dodged            |    62 |    71 |    16 ||   149

Table legend: (Time is in decaauts)
 A = Elapsed time spent in this place.
 B = Non-inter-level travel time spent in this place.
 C = Inter-level travel time spent in this place.
 D = Time resting spent in this place.
 E = Time spent auto-exploring this place.
 F = Levels seen in this place.
 G = Mean time per level.
                   A        B        C        D        E       F      G
               +--------+--------+--------+--------+--------+-----+--------+
         Total |   4582 |   4481 |    101 |    211 |   3472 |   4 | 1145.5 |
       Dungeon |   4582 |   4481 |    101 |    211 |   3472 |   4 | 1145.5 |
               +--------+--------+--------+--------+--------+-----+--------+

Top non-repeatable levels by time:
     D:1: 1789 daAuts
     D:2: 1519 daAuts
     D:3: 711 daAuts
     D:4: 562 daAuts
